Map: Catalyst LE

Players

TIME (Oliveira)

  • Race: Terran Terran
  • Spawn Location: 11:00

SortOf - Winner!

  • Race: Zerg Zerg
  • Spawn Location: 5:00

Event: WCS Leipzig 2018

VOD

Have the link to the VOD?

Description

Time

  • Played on: Jan. 26, 2018, 12:16 p.m.
  • Length: 9:57

All games in this series

Show
View Real Time Build Order
Export as new Build Order

TIME Terran 

Build Orders: Reaper Expand 

Get SALT Encoding   

  12  0:00  SCV  
  13  0:13  SCV  
  14  0:17  Supply Depot  
  14  0:25  SCV  
  15  0:39  SCV  
  15  0:40  Barracks  
  16  0:44  Refinery  
  16  0:51  SCV  
  17  1:03  SCV  
  18  1:15  SCV  
  19  1:28  Orbital Command, Reaper  
  20  1:40  Command Center  
  20  1:54  SCV  
  20  1:55  Supply Depot  
  20  1:59  Marine  
  22  2:05  Factory  
  22  2:08  SCV  
  23  2:14  Refinery  
  23  2:20  SCV  
  23  2:21  Barracks Reactor  
  24  2:32  SCV  
  24  2:44  SCV  
  25  2:52  Starport  
  25  2:56  SCV  
  26  3:01  Hellion  
  26  3:02  Hellion  
  30  3:07  Barracks Tech Lab  
  30  3:08  SCV  
  31  3:14  Orbital Command  
  31  3:15  Bunker  
  31  3:22  SCV  
  31  3:23  Hellion x2  
  36  3:33  Supply Depot  
  36  3:34  Banshee  
  36  3:37  Marine  
  40  3:54  Hellion  
  42  3:58  SCV  
  42  4:02  SCV  
  43  4:10  Marine  
  43  4:14  Supply Depot  
  41  4:25  Factory Reactor  
  41  4:35  SCV x2, Banshee, Cloaking Field  
  46  4:39  Supply Depot  
  46  4:54  SCV x2  
  46  4:56  Supply Depot  
  44  5:04  Cyclone x2  
  44  5:06  SCV x2  
  52  5:18  SCV x2, Command Center  
  52  5:20  Banshee  
  57  5:28  Supply Depot  
  57  5:30  SCV x2  
  59  5:36  Hellion  
  59  5:40  Barracks Tech Lab  
  61  5:42  SCV  
  61  5:44  Supply Depot  
  61  5:49  SCV  
  65  5:50  Hellion  
  65  5:55  SCV  
  66  5:59  Marine  
  66  6:02  SCV  
  68  6:07  SCV  
  69  6:13  Barracks  
  69  6:14  SCV, Barracks  
  69  6:15  Engineering Bay  
  69  6:17  Factory Reactor, Engineering Bay  
  66  6:20  Starport Reactor  
  66  6:21  Marine  
  66  6:22  SCV  
  66  6:23  Refinery  
  66  6:25  Refinery  
  65  6:29  SCV  
  65  6:30  Orbital Command  
  66  6:37  SCV  
  66  6:39  Marine  
  68  6:44  Terran Infantry Weapons Level 1, Terran Infantry Armor Level 1  
  68  6:47  SCV  
  68  6:53  Barracks  
  69  6:54  Barracks  
  69  6:57  Marine  
  69  6:58  Orbital Command  
  70  7:03  SCV  
  68  7:12  Siege Tank  
  68  7:14  Marine x4  
  68  7:15  Medivac x2  
  66  7:23  SCV  
  66  7:24  Marine  
  66  7:26  SCV  
  66  7:27  SCV  
  61  7:32  Marine x4  
  61  7:36  SCV  
  64  7:42  Marine  
  63  7:50  Marine x2  
  63  7:51  SCV  
  54  7:52  Marine  
  54  7:54  Marine  
  38  8:01  SCV  
  38  8:03  Barracks Tech Lab  
  39  8:05  SCV x2  
  39  8:08  Marine  
  41  8:13  SCV  
  41  8:16  Marine  
  41  8:17  SCV x2  
  45  8:26  SCV  
  46  8:30  SCV  
  46  8:34  SCV, Marine  
  48  8:38  SCV  
  50  8:41  Marine  
  50  8:42  SCV  
  50  8:46  SCV  
  53  8:50  SCV, Factory Tech Lab, Starport Reactor  
  53  8:54  SCV  
  55  8:56  Marine  
  55  8:58  SCV  
  55  9:02  SCV  
  37  9:04  Marine x2  
  37  9:05  Marine  
  39  9:18  Marine  
  40  9:29  SCV  
  42  9:31  SCV  
  42  9:36  Marine  
  43  9:43  SCV  
Show
View Real Time Build Order
Export as new Build Order

SortOf Zerg - Winner!

Build Orders: Pool First 

Get SALT Encoding   

  12  0:00  Drone  
  13  0:13  Overlord  
  13  0:17  Drone  
  14  0:31  Drone x2  
  16  0:37  Drone  
  17  0:45  Extractor  
  17  0:46  Drone  
  17  0:50  Spawning Pool  
  17  0:56  Drone  
  17  1:07  Drone  
  18  1:20  Hatchery  
  18  1:23  Drone  
  19  1:32  Drone  
  19  1:39  Zergling x2  
  20  1:44  Roach Warren  
  19  1:52  Queen  
  21  1:56  Drone  
  22  2:03  Overlord  
  22  2:11  Extractor, Zergling x2  
  23  2:22  Overlord  
  23  2:27  Queen  
  25  2:33  Roach  
  27  2:37  Roach  
  28  2:45  Roach x2  
  32  2:54  Roach  
  32  2:55  Roach  
  36  2:59  Drone  
  36  3:01  Drone  
  36  3:03  Ravager  
  39  3:07  Ravager  
  40  3:13  Drone  
  40  3:14  Overlord  
  41  3:20  Drone x2  
  41  3:24  Drone  
  44  3:29  Overlord  
  44  3:33  Drone  
  45  3:34  Ravager  
  45  3:37  Drone  
  47  3:41  Drone x2  
  51  3:48  Drone x2  
  51  3:55  Drone x2  
  51  4:02  Drone  
  53  4:04  Ravager  
  53  4:06  Queen  
  56  4:13  Drone x3, Overlord  
  59  4:23  Drone  
  60  4:29  Overlord  
  60  4:36  Lair  
  58  4:38  Drone x3  
  58  4:39  Extractor  
  58  4:40  Extractor  
  58  4:44  Roach  
  57  4:46  Queen  
  57  4:49  Spore Crawler  
  57  4:50  Spore Crawler  
  57  4:53  Spore Crawler  
  57  4:58  Drone x6  
  57  4:59  Drone  
  61  5:07  Hatchery  
  61  5:12  Drone  
  61  5:14  Overlord  
  61  5:18  Roach  
  61  5:19  Roach  
  65  5:29  Pneumatized Carapace  
  65  5:33  Evolution Chamber  
  65  5:34  Roach x3  
  70  5:38  Queen  
  70  5:40  Overlord  
  72  5:48  Roach x2  
  76  5:53  Overlord  
  76  5:54  Overlord  
  76  5:55  Overseer  
  76  6:02  Roach x2  
  76  6:03  Roach  
  82  6:11  Roach x3  
  82  6:14  Hatchery  
  84  6:20  Hatchery  
  84  6:25  Zergling x10  
  88  6:26  Ravager  
  88  6:30  Overlord  
  89  6:38  Zergling x6  
  89  6:39  Zergling x4  
  94  6:42  Queen  
  96  6:50  Ravager x4  
  100  6:55  Roach x2  
  100  6:58  Zergling x2  
  100  6:59  Zergling x4  
  107  7:10  Metabolic Boost  
  104  7:28  Roach  
  104  7:29  Roach x4, Overlord  
  106  7:33  Roach  
  106  7:34  Roach  
  110  7:41  Roach  
  110  7:42  Roach  
  107  7:54  Roach x3  
  107  7:55  Roach  
  88  7:59  Roach x2  
  88  8:02  Roach  
  88  8:03  Queen  
  91  8:06  Zergling x4  
  91  8:08  Queen x2  
  94  8:15  Zergling x6  
  94  8:24  Overlord  
  94  8:26  Glial Reconstitution  
  94  8:29  Ravager  
  94  8:30  Zergling x4  
  94  8:33  Overlord  
  97  8:37  Overlord  
  95  8:41  Overlord  
  95  8:44  Overlord  
  95  8:46  Ravager x2  
  95  8:47  Zergling x4  
  97  8:51  Overlord  
  97  9:00  Zergling x2  
  97  9:01  Zergling x10  
  96  9:08  Overseer  
  96  9:09  Zergling x2  
  97  9:16  Zergling x2  
  97  9:17  Zergling x4  
  96  9:19  Zergling x4  
  96  9:24  Ravager x4  
  96  9:28  Zergling x6  
  102  9:35  Zergling x4  
Tags
 
Add a new tag
Caveats
  • Supply blocks, unpowered buildings, or Contaminate may cause inaccurate times.
  • Supply counts are checked every 10 seconds.